 Dungeon Crawl Stone Soup version 0.18.1-8-gdd0e5ea (webtiles) character file.

8 M4edhros the Grave Robber (level 2, -2/17 HPs)
             Began as an Octopode Necromancer on May 23, 2016.
             Slain by a jackal (3 damage)
             ... on level 1 of the Dungeon.
             The game lasted 00:01:06 (179 turns).

M4edhros the Grave Robber (Octopode Necromancer)     Turns: 179, Time: 00:01:07

Health: -2/17      AC:  1    Str: 12    XL:     2   Next: 8%
Magic:  1/5        EV: 12    Int: 17    God:
Gold:   24         SH:  0    Dex: 12    Spells: 2 memorised, 3 levels left

rFire  . . .     SeeInvis .     c - +1 dagger (venom)
rCold  . . .     Gourm    .     (no shield)
rNeg   . . .     Faith    .     (helmet restricted)
rPois  .         Spirit   .     (no amulet)
rElec  .         Dismiss  .     (no ring)
rCorr  .         Reflect  .     (no ring)
SustAt .         Harm     .     (no ring)
MR     .....                    (no ring)
Stlth  +++.......               (no ring)
                                (no ring)
                                (no ring)
                                (no ring)

@: mighty, very slightly contaminated, not resistant to hostile enchantments,
fairly stealthy
A: almost no armour, amphibious, 8 rings, constrict 8, camouflage 1, gelatinous
body 1
a: no special abilities


You were on level 1 of the Dungeon.
You were not hungry.

You visited 1 branch of the dungeon, and saw 1 of its levels.

You collected 24 gold pieces.

Inventory:

Hand Weapons
 c - a +1 dagger of venom (weapon)
Scrolls
 d - a scroll of fear {unknown}
 g - a scroll of remove curse {unknown}
Books
 a - a book of Necromancy

   Spells                             Type                      Level
   a - Pain                           Necromancy                   1
   b - Animate Skeleton               Necromancy                   1
   c - Vampiric Draining              Necromancy                   3
   d - Regeneration                   Charms/Necromancy            3
   e - Animate Dead                   Necromancy                   4
   f - Control Undead                 Necromancy                   4
Comestibles
 b - 2 bread rations
 f - 3 chunks of flesh


   Skills:
 - Level 2.0 Dodging
 - Level 2.6 Stealth
 + Level 1.6 Unarmed Combat
 - Level 2.0 Spellcasting
 - Level 4.0 Necromancy


You had 3 spell levels left.
You knew the following spells:

 Your Spells              Type           Power        Failure   Level  Hunger
a - Pain                  Necr           ###.         3%          1    #......
b - Animate Skeleton      Necr           N/A          3%          1    #......


Dungeon Overview and Level Annotations

Branches:
Dungeon (1/15)

Altars:


Innate Abilities, Weirdness & Mutations

You cannot wear most types of armour.
You are amphibious.
You can wear up to eight rings at the same time.
You can use your tentacles to constrict eight enemies at once.
Your skin changes colour to match your surroundings (Stealth).
Your rubbery body absorbs attacks (AC +1).


Message History

You swap places.
The jackal bites your goblin skeleton. The jackal bites your goblin skeleton.
Your goblin skeleton closely misses the jackal.
The jackal barely misses your goblin skeleton.
Your goblin skeleton barely misses the jackal.
The jackal barely misses your goblin skeleton.
Your goblin skeleton closely misses the jackal.
Found a ring mail.
Something bites your goblin skeleton.
Your goblin skeleton is destroyed!
Drink which item? (? for menu, Esc to quit)
It was a potion of might.
You feel very mighty all of a sudden.
Casting: Pain
Confirm with . or Enter, or press ? or * to list all spells.
Aiming: Pain
Press: ? - help, Shift-Dir - straight line, f/p - jackal
Aim: a jackal (heavily wounded, chance to defeat MR: 92%)
The jackal convulses in agony!
The jackal bites you.
You die...

#.#.#.# ... ##..#####
..###..# #####.....[
......... ### #.#.#
#......... #........ #.##.#
#.#h.h... ......... ## #Z#
#.#.##..# #.#...... #.#
#.#)##..# #.#......
#.###.#.##..# #.#.##.##
#.......h...### #........
#........h@...#####...#####
#.###.#.###...........# #.#
#.#$# ###(#.####.##
################# #.#.# #.#
.....#...≈≈≈≈...# #)#.# #.#
..<..#..........###.#.# #.#
.....#..........#8..#.# #.#
'#####..........'...#.# .#
.#♣♣.'..........'...#.#


You could see 3 jackals.

Vanquished Creatures
  A bat (D:1)
  4 goblins (D:1)
  2 kobolds (D:1)
7 creatures vanquished.

Notes
Turn   | Place    | Note
--------------------------------------------------------------
     0 | D:1      | M4edhros the Octopode Necromancer began the quest for the Orb.
     0 | D:1      | Reached XP level 1. HP: 11/11 MP: 3/3
    67 | D:1      | Reached skill level 1 in Unarmed Combat
    99 | D:1      | Reached XP level 2. HP: 3/17 MP: 0/5
   130 | D:1      | Learned a level 1 spell: Animate Skeleton
   179 | D:1      | Slain by a jackal

Skill      XL: |  1 |
---------------+----+-----
Unarmed Combat | 1 |  1.6
Dodging        | |  2.0
Stealth        | |  2.6
Spellcasting   | |  2.0
Necromancy     | |  4.0

Action                   || total
-------------------------++-------
Melee: Unarmed           ||     3
       Constrict         ||     2
       Dagger            ||     2
       Tentacles         ||     1
 Cast: Pain              ||     8
       Animate Skeleton  ||     1
  Use: Potion            ||     1
Dodge: Dodged            ||     4
